 Dungeon Crawl Stone Soup version 0.30.0 (webtiles) character file.

Game seed: 11407621346496324870

25 infinitevox the Trooper (level 2, -6/24 HPs)
             Began as a Demonspawn Monk on May 6, 2023.
             Mangled by a water moccasin (8 damage)
             ... on level 3 of the Dungeon.
             The game lasted 00:03:44 (862 turns).

infinitevox the Trooper (Demonspawn Monk)            Turns: 862, Time: 00:03:44

Health: -6/24      AC:  2    Str: 11    XL:     2   Next: 86%
Magic:  2/2        EV: 12    Int: 11    God:
Gold:   46         SH:  0    Dex: 15    Spells: 1/1 levels left

rFire   . . .        a - +0 falchion
rCold   . . .        f - +0 buckler
rNeg    . . .        b - +0 robe
rPois   .            (no helmet)
rElec   .            (no cloak)
rCorr   .            (no gloves)
SInv    .            (no boots)
Will    .....        (no amulet)
Stlth   +            (no ring)
HPRegen 0.24/turn    (no ring)
MPRegen 0.08/turn

%: no passive effects
@: confused, lethally poisoned (-6 -> -26), ambrosia-drunk, attractive, flying,
hasted, very quick
A: sturdy frame 1
a: no special abilities


You were on level 3 of the Dungeon.
You visited 1 branch of the dungeon, and saw 3 of its levels.

You collected 46 gold pieces.

Inventory:

Hand Weapons
 a - a +0 falchion (weapon)
Armour
 b - a +0 robe (worn)
 d - an orb of light
 f - a +0 buckler (worn)


   Skills:
 - Level 3.0 Fighting
 - Level 3.0 Long Blades
 + Level 0.1 Ranged Weapons
 + Level 0.1 Throwing
 - Level 3.0 Dodging
 * Level 1.3 Shields


You had one spell level left.
You didn't know any spells.
Your spell library was empty.

Dungeon Overview and Level Annotations

Branches:
Dungeon (2/15)

Altars:


Innate Abilities, Weirdness & Mutations

Your movements are slightly less encumbered by armour. (ER -2)


Message History

The frilled lizard unfolds its giant frill.
It was a potion of flight.
You feel very buoyant.
You fly up into the air.
The bat barely misses you. You block the bat's attack.
It was a potion of haste.
You feel yourself speed up. The bat misses you.
You closely miss the bat. You block the bat's attack.
You closely miss the water moccasin. The water moccasin bites you.
You hit the water moccasin.
The water moccasin is lightly wounded.
The water moccasin closely misses you.
You miss the water moccasin.
The water moccasin is lightly wounded.
The water moccasin bites you.
You closely miss the water moccasin.
The water moccasin is lightly wounded.
The water moccasin bites you!
* * * LOW HITPOINT WARNING * * *
You block the water moccasin's attack.
You are confused.
You feel invigorated.
The water moccasin bites you but does no damage.
You miss the water moccasin.
The water moccasin is lightly wounded.
The water moccasin barely misses you.
You closely miss the water moccasin.
The water moccasin is lightly wounded.
The water moccasin bites you.
You are lethally poisoned!
The water moccasin poisons you!
You're too confused to move!
You feel very sick. The water moccasin bites you.
* * * LOW HITPOINT WARNING * * *
You are more poisoned.
The water moccasin poisons you!
You bump into the rock wall.
* * * LOW HITPOINT WARNING * * *
You feel very sick. The water moccasin bites you!
You die...

#.####..#####.#.
#####...............
...#..###..#####.#.
#######.#..# #..#
#.#. ...........#
#..# #.##
#.........# #..# #..
#.....bl..# #S.# #.#
#.####S#.....#.# ###
# #@#........
#.####### ..# ...#
....# ####.# #.# #.#


You could see a water moccasin, a bat and a frilled lizard.

Vanquished Creatures
  4 bats
  2 endoplasms (D:1)
  A giant cockroach (D:1)
  3 goblins
  2 hobgoblins (D:1)
  3 jackals (D:1)
  3 kobolds (D:1)
  A quokka (D:2)
  3 rats (D:1)
22 creatures vanquished.

Notes
Turn   | Place    | Note
-------+----------+-------------------------------------------
     0 | D:1      | infinitevox the Demonspawn Monk began the quest for the
                  | Orb.
     0 | D:1      | Reached XP level 1. HP: 18/18 MP: 1/1
   192 | D:1      | Gained mutation: Your movements are slightly less
                  | encumbered by armour. (ER -2) [demonic ancestry]
   192 | D:1      | Reached XP level 2. HP: 24/24 MP: 2/2
   416 | D:1      | Reached skill level 1 in Shields
   821 | D:2      | You fall into a shaft and drop 1 floor!
   836 | D:3      | Noticed a water moccasin
   862 | D:3      | Mangled by a water moccasin

Illustrated notes

Levels and vault maps discovered:
D:1:      eino_arrival_cavern_b, layout_rooms, nicolae_kite_square_tiling_tiny
D:2:      wander_river, layout_loops_ring, chequers_serial_rivers_room_a,
          dreamdust_wishing_well, uniq_natasha
D:3:      layout_basic, zin_statuary, gammafunk_ghost_mausoleum,
          ebering_ecumenical_altar_mist, uniq_robin

Skill      XL: |  1  2 |
---------------+-------+-----
Dodging        | 3 |  3.0
Long Blades    | 3 |  3.0
Shields        | 1 |  1.3
Fighting       | |  3.0
Ranged Weapons | |  0.1
Throwing       | |  0.1

Action                     || total
---------------------------++-------
  Melee: Falchion          ||    75
         Punch             ||     1
    Use: Potion            ||     4
         Scroll            ||     3
   Stab: Sleeping          ||     2
 Armour: Robe              ||    20
  Dodge: Dodged            ||    49
  Block: Buckler           ||    12
